AoeStats
← AOP | Madquimedes

Nomad

510096098Analyzed
2v2 RM · 2d ago on Sep 29, 2026· 75m 55s· 4 players
Game mode
Random Map
Map size
176×176
Population
200
Speed
Normal
Resources
Standard
Victory
Conquest
Starting age
Dark Age
Ending age
Imperial Age
RankedLock teamsTeams togetherTeam positionsShared explorationLock speedFull tech treeHidden civsTurbo modeCheats
Victory
Defeat
🇫🇷 Vikings · France
1192
+19
🇵🇪 Spanish · Peru
1101
+23
🇪🇸 Britons · Spain
1371
-25
🇪🇸 Spanish · Spain
1155
-17
sasha
3:28 Loom
13:28 Feudal Age
15:12 Fishing Lines
17:36 Castle Age
20:30 Fletching
23:08 Bodkin Arrow
[GDL] BlairLucky
3:06 Loom
12:54 Feudal Age
13:39 Double-Bit Axe
15:23 Fishing Lines
20:43 Castle Age
18:47 Stone Mining
18:50 Town Watch
19:22 Padded Archer Armor
19:44 Horse Collar
21:20 Wheelbarrow
22:21 Leather Archer Armor
22:20 Bloodlines
22:10 Husbandry
22:27 Fletching
23:58 Bow Saw
27:38 Bodkin Arrow
39:50 Imperial Age
38:03 Scale Barding Armor
38:08 Forging
40:06 Chain Barding Armor
40:16 Horse Collar
41:38 Two-Man Saw
40:30 Gillnets
40:37 Cavalier
42:22 Plate Barding Armor
43:25 Iron Casting
45:31 Chemistry
45:37 Conscription
47:06 Blast Furnace
46:28 Bracer
49:27 Onager
50:47 Coinage
51:29 Masonry
58:57 Paladin
59:05 Light Cavalry
60:16 Ring Archer Armor
60:35 Thumb Ring
61:20 Ballistics
62:37 Elite Skirmisher
67:47 Hussar
72:48 Heavy Plow
72:40 Gold Mining
AoP | Maddomin E=mc2
5:43 Loom
20:05 Feudal Age
21:22 Double-Bit Axe
21:24 Fishing Lines
21:59 Gold Mining
24:46 Castle Age
22:40 Horse Collar
22:23 Man-at-Arms
25:24 Stone Mining
26:12 Bloodlines
26:02 Husbandry
32:41 Light Cavalry
AOP | Madquimedes
11:18 Loom
13:38 Feudal Age
14:10 Double-Bit Axe
18:11 Fletching
19:19 Wheelbarrow
19:44 Fishing Lines
23:29 Castle Age
23:25 Gold Mining
23:28 Horse Collar
24:12 Crossbowman
25:26 Padded Archer Armor
25:32 Elite Skirmisher
26:59 Bodkin Arrow
33:43 Leather Archer Armor
37:19 Ballistics
38:40 Town Watch
39:11 Hand Cart
42:52 Imperial Age
42:58 Imperial Age
41:08 Gold Shaft Mining
42:04 Pikeman
44:48 Chemistry
43:12 Arbalester
47:08 Bracer
47:38 Ring Archer Armor
48:16 Capped Ram
49:23 Warwolf
49:52 Yeomen
49:09 Halberdier
50:18 Forging
50:08 Scale Mail Armor
50:10 Murder Holes
61:13 Town Patrol
68:42 Light Cavalry
69:22 Husbandry
70:57 Medium Warships
75:55 Bow Saw
Connection lost

Rejoining the realm…

Still unreachable

The connection could not be restored.

Session expired

The server has moved on; the page needs a fresh start.